 Dungeon Crawl Stone Soup version 0.31.0-12-g77e489cdc1 (webtiles) character file.

Game seed: 17663716412184599264

265 Silvore the Chopper (level 5, 0/47 HPs)
             Began as a Minotaur Fighter on Feb 21, 2024.
             Slain by Eustachio
             ... wielding a +1 rapier of electrocution
              (2 damage)
             ... on level 4 of the Dungeon.
             The game lasted 00:03:28 (2849 turns).

Silvore the Chopper (Minotaur Fighter)              Turns: 2849, Time: 00:03:29

Health: 0/47       AC: 16    Str: 22    XL:     5   Next: 99%
Magic:  4/4        EV:  9    Int:  5    God:
Gold:   179        SH:  4    Dex: 10    Spells: 4/4 levels left

rFire   . . .        a - +0 war axe (protect)
rCold   . . .        c - +0 buckler
rNeg    . . .        b - +0 scale mail
rPois   .            (helmet restricted)
rElec   .            (no cloak)
rCorr   .            j - +0 pair of gloves
SInv    .            d - +0 pair of boots
Will    .....        (no amulet) Stlth
                     (no ring)
HPRegen 0.27/turn    (no ring)
MPRegen 0.09/turn

%: no passive effects
@: under a protective aura
A: horns 2, retaliatory headbutt
a: no special abilities


You were on level 4 of the Dungeon.
You visited 1 branch of the dungeon, and saw 4 of its levels.

You collected 179 gold pieces.

Inventory:

Hand Weapons
 a - a +0 war axe of protection (weapon)
 i - the +1 mace of Unpleasantness {antimagic, ^Contam rN+ Int+3}
   (You found it on level 3 of the Dungeon)

   Int+3:     It affects your intelligence (+3).
   rN+:       It protects you from negative energy.
   ^Contam:   It causes magical contamination when unequipped.
Armour
 b - a +0 scale mail (worn)
 c - a +0 buckler (worn)
 d - a +0 pair of boots (worn)
 j - a +0 pair of gloves (worn)
Wands
 g - a wand of flame (14)
Scrolls
 k - a scroll of identify
 m - a scroll of fear {unknown}
 n - a scroll of teleportation
Potions
 e - a potion of mutation
 f - 5 potions of curing
 h - 2 potions of attraction
 l - a potion of brilliance {unknown}


   Skills:
 + Level 4.7 Fighting
 + Level 5.2 Axes
 + Level 4.8 Armour
 + Level 1.1 Dodging
 + Level 0.6 Stealth
 + Level 4.3 Shields


You had 4 spell levels left.
You didn't know any spells.
Your spell library contained the following spells:

 Spells                   Type           Power      Damage    Failure   Level
 Kiss of Death            Conj/Necr      0%         2d5       85%         1
 Blink                    Tloc           0%         N/A       94%         2
 Lesser Beckoning         Tloc           0%         N/A       94%         2
 Momentum Strike          Conj/Tloc      0%         3d8       94%         2
 Sublimation of Blood     Necr           0%         N/A       94%         2
 Confusing Touch          Hex            0%         N/A       99%         3
 Dispel Undead            Necr           0%         3d6       100%        4
 Petrify                  Alch/Erth      0%         N/A       100%        4
 Irradiate                Conj/Alch      0%         3d11      100%        5


Dungeon Overview and Level Annotations

Branches:
Dungeon (4/15)
 Temple: D:4-7

Altars:
Fedhas
Hepliaklqana
Qazlal

Annotations:
D:4 Eustachio


Innate Abilities, Weirdness & Mutations

You have a pair of horns on your head.
You reflexively headbutt those who attack you in melee.


Message History

Your weapon exudes an aura of protection.
Eustachio is lightly wounded.
You block Eustachio's attack.
You completely miss Eustachio.
Eustachio is lightly wounded.
Eustachio hits you but does no damage.
You hit Eustachio.
Eustachio is moderately wounded.
Eustachio gestures wildly while chanting.
Eustachio blinks!
Eustachio hits you with a +1 rapier of electrocution.
You are electrocuted!
You closely miss Eustachio.
Eustachio is moderately wounded.
Eustachio hits you but does no damage.
You are electrocuted!
* * * LOW HITPOINT WARNING * * *
You slash Eustachio!
You headbutt Eustachio, but do no damage.
Eustachio is heavily wounded.
Eustachio hits you with a +1 rapier of electrocution.
* * * LOW HITPOINT WARNING * * *
You closely miss Eustachio. Your headbutt misses Eustachio.
Eustachio is heavily wounded.
Eustachio gestures wildly while chanting.
You slash Eustachio!
Eustachio is almost dead.
Eustachio mumbles some strange words.
Eustachio hits you but does no damage.
You are electrocuted!
* * * LOW HITPOINT WARNING * * *
Unknown command.
Okay, then.
You closely miss Eustachio.
Eustachio is almost dead.
You hit the quokka.
You kill the quokka!
The quokka's corpse disappears in a puff of smoke!
Eustachio utters an oath, "I will die for my friends!"
Eustachio hits you with a +1 rapier of electrocution.
You die...
Eustachio twirls his moustache.

.................#
#####........
.###########'#.#.#
#......).....
.............#...#
#............
......##########.#
#............
.......# #.#
#............
.......####. #r#
#............
............ #r#
#......####'#
##+#'#..### #@#
#......# #.#
#..<....# #@#
#......# #.#
#####...... #ยง#
######## #.#
###### #.# #.# #.#
#.# #.# #.# #.#
#.. ###


You could see Eustachio, a quokka (summoned) and a rat (summoned).

Vanquished Creatures
  A bombardier beetle (D:4)
  2 iguanas (D:4)
  A sleepcap (D:4)
  Robin (D:2)
  6 adders
  A ribbon worm (D:2)
  3 dart slugs
  3 orcs
  6 bats
  5 endoplasms
  7 giant cockroaches
  13 goblins
  11 hobgoblins
  7 kobolds
  2 quokkas (D:2)
  4 ball pythons
  3 frilled lizards
  4 rats
80 creatures vanquished.

Notes
Turn   | Place    | Note
-------+----------+-------------------------------------------
     0 | D:1      | Silvore the Minotaur Fighter began the quest for the Orb.
     0 | D:1      | Reached XP level 1. HP: 19/19 MP: 0/0
   146 | D:1      | Reached XP level 2. HP: 18/27 MP: 1/1
   759 | D:2      | Noticed Robin
   764 | D:2      | Reached XP level 3. HP: 21/33 MP: 2/2
   768 | D:2      | Killed Robin
   769 | D:2      | Reached skill level 3 in Axes
   972 | D:2      | Reached XP level 4. HP: 34/40 MP: 3/3
  1233 | D:2      | Reached skill level 4 in Axes
  1666 | D:3      | Found a blossoming altar of Fedhas.
  1688 | D:3      | Identified the +1 mace of Unpleasantness {antimagic,
                  | ^Contam rN+ Int+3}
  1903 | D:3      | Identified the +0 leather armour "Turam" {+Blink rElec
                  | Str-2 Int+5}
  2266 | D:4      | Reached XP level 5. HP: 47/47 MP: 4/4
  2399 | D:4      | Reached skill level 5 in Axes
  2587 | D:4      | Found a stormy altar of Qazlal.
  2587 | D:4      | Found a hazy altar of Hepliaklqana.
  2625 | D:4      | Reached skill level 1 in Dodging
  2835 | D:4      | Noticed Eustachio
  2848 | D:4      | HP: 1/47 [Eustachio/+1 rapier of electrocution (10)]
  2849 | D:4      | Slain by Eustachio

Illustrated notes

Levels and vault maps discovered:
D:1:      dpeg_arrival_pits, layout_basic
D:2:      layout_loops_ring, minmay_tetromino_t4, uniq_robin
D:3:      layout_loops_ring, mainiacjoe_overflow_small_starburst
D:4:      cheibrodos_old_hovel, layout_basic, gammafunk_temple_overflow_statue,
          kennysheep_another_room, nicolae_half_adder, uniq_eustachio

Skill      XL: |  1  2  3  4  5 |
---------------+----------------+-----
Fighting       | 4 |  4.7
Armour         | 4 |  4.8
Shields        | 4 |  4.3
Axes           | 3 4 5 |  5.2
Dodging        | 1 |  1.1
Stealth        | |  0.6

Action                     |  1- 3 |  4- 6 || total
---------------------------+-------+-------++-------
  Melee: War axe           |    73 |    97 ||   170
         Headbutt          |    11 |    15 ||    26
    Use: Scroll            |     3 |     6 ||     9
         Potion            |     1 |       ||     1
 Armour: Scale mail        |    58 |    72 ||   130
  Dodge: Dodged            |    29 |    42 ||    71
  Block: Buckler           |    12 |    23 ||    35
